 Dungeon Crawl Stone Soup version 0.30-a0-360-g447f08457e (webtiles) character file.

Game seed: 10353136598612064170

1801 bncvj the Trooper (level 8, -22/73 HPs)
             Began as a Minotaur Fighter on Nov 13, 2022.
             Annihilated by a tentacled starspawn (27 damage)
             ... on level 1 of the Abyss.
             The game lasted 00:08:48 (4578 turns).

bncvj the Trooper (Minotaur Fighter)                Turns: 4578, Time: 00:08:48

Health: -22/73     AC: 11    Str: 22      XL:     8   Next: 83%
Magic:  7/7        EV: 10    Int:  4 (5)  God:
Gold:   127        SH:  7    Dex: 23      Spells: 7/7 levels left

rFire   . . .      SeeInvis .    a - +1 war axe
rCold   . . .      Faith    .    c - +0 buckler
rNeg    . . .      Spirit   .    b - +2 scale mail
rPois   .          Reflect  .    (helmet restricted)
rElec   .          Harm     .    (no cloak)
rCorr   .          Rampage  .    (no gloves)
Will    .....                    i - +0 pair of boots
Stlth   +.........               (no amulet)
HPRegen 0.32/turn                k - +6 ring of dexterity
MPRegen 0.10/turn                p - +6 ring of dexterity

@: mighty, constricted
A: horns 2, retaliatory headbutt
a: no special abilities


You were on level 1 of the Abyss.
You visited 1 branch of the dungeon, and saw 6 of its levels.
You visited the Abyss 1 time.
You also visited: Sewer and Ossuary.

You collected 127 gold pieces.

Inventory:

Hand Weapons
 a - a +1 war axe (weapon)
Armour
 b - a +2 scale mail (worn)
 c - a +0 buckler (worn)
 i - a +0 pair of boots (worn)
Jewellery
 k - a +6 ring of dexterity (left hand)
 n - a ring of willpower
 p - a +6 ring of dexterity (right hand)
Scrolls
 o - 2 scrolls of teleportation
 q - a scroll of magic mapping
Potions
 d - 2 potions of might
 e - a potion of brilliance
 f - 2 potions of haste
 g - 2 potions of attraction
 h - a potion of curing
 j - 2 potions of resistance
 l - a potion of ambrosia


   Skills:
 + Level 7.1 Fighting
 + Level 6.5 Axes
 + Level 7.0 Armour
 + Level 5.4 Dodging
 + Level 7.0 Shields


You had 7 spell levels left.
You didn't know any spells.
Your spell library contained the following spells:

 Spells                   Type           Power      Damage    Failure   Level
 Cigotuvi's Dreadful Rot  Necr/Pois/Air  0%         N/A       95%         2
 Ensorcelled Hibernation  Hex/Ice        0%         N/A       95%         2
 Passwall                 Tmut/Erth      0%         N/A       95%         2
 Ignite Poison            Fire/Tmut/Pois 0%         N/A       99%         3
 Kindle Blastsparks       Fire/Tloc/Air  0%         2d10      99%         3
 Swiftness                Air            0%         N/A       99%         3
 Dispel Undead            Necr           0%         3d6       100%        4
 Freezing Cloud           Conj/Ice/Air   0%         6-21      100%        5
 Death Channel            Necr           0%         N/A       100%        6


Dungeon Overview and Level Annotations

Branches:
Dungeon (6/15)              Sewer (visited)         Ossuary (visited)
 Temple: D:4-7

Altars:
Elyvilon
Trog
Zin
The Shining One


Innate Abilities, Weirdness & Mutations

You have a pair of horns on your head.
You reflexively headbutt those who attack you in melee.


Message History

The tentacled starspawn closely misses you.
The starspawn tentacle grabs you. The starspawn tentacle constricts you.
* * * LOW HITPOINT WARNING * * *
Unknown command.
You slash the tentacled starspawn!
The starspawn tentacle loses its grip on you.
The tentacled starspawn is heavily damaged.
You barely miss the starspawn tentacle. You hit the starspawn tentacle.
The tentacled starspawn barely misses you.
The tentacled starspawn tentacle-slaps you!
* * * LOW HITPOINT WARNING * * *
The starspawn tentacle grabs you. The starspawn tentacle constricts you.
* * * LOW HITPOINT WARNING * * *
The small abomination hits you but does no damage.
You feel much better. The tentacled starspawn bites you!
* * * LOW HITPOINT WARNING * * *
The tentacled starspawn tentacle-slaps you!
* * * LOW HITPOINT WARNING * * *
The starspawn tentacle constricts you.
* * * LOW HITPOINT WARNING * * *
The small abomination hits you but does no damage.
You feel much better. The tentacled starspawn bites you.
The tentacled starspawn barely misses you.
The starspawn tentacle constricts you.
* * * LOW HITPOINT WARNING * * *
The small abomination hits you!
* * * LOW HITPOINT WARNING * * *
Unknown command.
Okay, then.
Unknown command.
You slash the tentacled starspawn!
The starspawn tentacle loses its grip on you.
The tentacled starspawn is severely damaged.
You barely miss the starspawn tentacle. You slash the small abomination!
You hit the starspawn tentacle.
You block the small abomination's attack.
The starspawn tentacle grabs you. The starspawn tentacle constricts you.
* * * LOW HITPOINT WARNING * * *
The tentacled starspawn bites you!!
You die...

#..x# #.# ##.#
.#... x..###.#
#### . #...#
#.w....#
###.#.##
#.#.#######
#####.#.#.....
......xX.#.###.
# ###.w@w......
#....#.##..
#.####.# ... .
.#.. # .. ... #
.#. .#


You could see a tentacled starspawn, a small abomination and 2 starspawn
tentacles.

Vanquished Creatures
  A neqoxec (Abyss:1)
  2 small abominations (Abyss:1)
  Menkaure (Ossuary)
  Edmund (D:4)
  An ice beast (D:6)
  A phantom (D:4)
  6 kobold brigands (Sewer)
  A necrophage (D:4)
  A gnoll sergeant (D:6)
  A howler monkey (D:5)
  5 hounds
  A jelly (D:4)
  An iguana (D:5)
  3 mummies (Ossuary)
  Robin (D:2)
  A gnoll (D:6)
  8 adders
  A river rat (Sewer)
  An ufetubus (D:4)
  4 worms (Sewer)
  2 dart slugs
  5 orcs (D:4)
  11 ball pythons
  6 bats
  6 endoplasms
  4 giant cockroaches
  A gnoll zombie (Ossuary)
  13 hobgoblins
  4 jackals (D:2)
  11 kobolds
  4 quokkas
  4 frilled lizards
  3 gnoll skeletons (Ossuary)
  16 goblins
  6 goblin skeletons (Ossuary)
  9 goblin zombies (Ossuary)
  3 hobgoblin skeletons (Ossuary)
  3 hobgoblin zombies (Ossuary)
  8 kobold skeletons (Ossuary)
  6 kobold zombies (Ossuary)
  4 orc skeletons (Ossuary)
  5 orc zombies (Ossuary)
  13 rats
  A rat skeleton (Ossuary)
  A rat zombie (Ossuary)
191 creatures vanquished.

Vanquished Creatures (others)
  5 starspawn tentacles (Abyss:1)
5 creatures vanquished.

Grand Total: 196 creatures vanquished

Notes
Turn   | Place    | Note
-------+----------+-------------------------------------------
     0 | D:1      | bncvj the Minotaur Fighter began the quest for the Orb.
     0 | D:1      | Reached XP level 1. HP: 19/19 MP: 0/0
   144 | D:1      | Reached XP level 2. HP: 23/27 MP: 1/1
   521 | D:1      | Reached skill level 1 in Dodging
   647 | D:2      | Reached XP level 3. HP: 30/33 MP: 2/2
   953 | D:2      | Reached XP level 4. HP: 37/40 MP: 3/3
  1088 | D:2      | Noticed Robin
  1108 | D:2      | Killed Robin
  1193 | D:2      | Reached XP level 5. HP: 41/47 MP: 4/4
  1417 | D:3      | Found a glowing drain.
  1457 | Sewer    | Entered a sewer
  1656 | Sewer    | Reached XP level 6. HP: 54/55 MP: 5/5
  1665 | Sewer    | Reached skill level 5 in Fighting
  1665 | Sewer    | Reached skill level 5 in Armour
  1665 | Sewer    | Reached skill level 5 in Shields
  2036 | Sewer    | Reached XP level 7. HP: 55/61 MP: 6/6
  2572 | D:3      | Found a bloodstained altar of Trog.
  2884 | D:4      | Found a glowing silver altar of Zin.
  2884 | D:4      | Found a glowing golden altar of the Shining One.
  2885 | D:4      | Found a white marble altar of Elyvilon.
  3071 | D:4      | Reached skill level 5 in Axes
  3198 | D:4      | Noticed Edmund
  3213 | D:4      | Killed Edmund
  3395 | D:4      | Reached XP level 8. HP: 70/70 MP: 7/7
  3582 | D:5      | Entered Level 5 of the Dungeon
  3710 | D:5      | Found a sand-covered staircase.
  3716 | Ossuary  | Entered an ossuary
  4020 | Ossuary  | Noticed Menkaure
  4027 | Ossuary  | Killed Menkaure
  4460 | Abyss:1  | Cast into level 1 of the Abyss (gnoll sergeant)
  4461 | Abyss:1  | Reached skill level 5 in Dodging
  4549 | Abyss:1  | Noticed a tentacled starspawn
  4576 | Abyss:1  | HP: 3/73 [constriction[a tentacled starspawn] (1)]
  4578 | Abyss:1  | Annihilated by a tentacled starspawn

Illustrated notes

Levels and vault maps discovered:
D:1:      ncdulo_wetmaze, layout_rooms, solitary_fountain,
          kennysheep_pointless_box
D:2:      layout_basic, serial_bayou_pond_d, uniq_robin
D:3:      layout_basic, lemuel_crystal_altar, portal_sewer_entry_a
D:4:      layout_loops_cross, good_gods_temple_1, uniq_edmund
D:5:      layout_basic, enter_ossuary_2
D:6:      nicolae_cairo_tiling_very_big, layout_basic, grunt_gozag_statues,
          mainiacjoe_overflow_brackets, kennysheep_little_box,
          minmay_temple_entry_butterflies, serial_shops, shop_coins,
          fountainhead, pf_guarded_unrand_woodcutter
Abyss:1:  base: D:4, hangedman_stitches_earthworm

Skill      XL: |  1  2  3  4  5  6  7  8 |
---------------+-------------------------+-----
Dodging        | 1 2 3 4 5 |  5.4
Fighting       | 4 5 6 7 |  7.1
Armour         | 4 5 6 7 |  7.0
Shields        | 4 5 6 7 |  7.0
Axes           | 3 4 5 6 |  6.5

Action                   |  1- 3 |  4- 6 |  7- 9 || total
-------------------------+-------+-------+-------++-------
Melee: War axe           |    68 |   146 |   201 ||   415
       Headbutt          |     6 |    15 |    38 ||    59
  Use: Scroll            |     5 |     3 |    10 ||    18
       Potion            |       |       |     5 ||     5
Armor: Scale mail        |    44 |    70 |    67 ||   181
Dodge: Dodged            |    37 |    77 |    96 ||   210
Block: Buckler           |    13 |    32 |    48 ||    93

Table legend: (Time is in decaauts)
 A = Elapsed time spent in this place.
 B = Non-inter-level travel time spent in this place.
 C = Inter-level travel time spent in this place.
 D = Time resting spent in this place.
 E = Time spent auto-exploring this place.
 F = Levels seen in this place.
 G = Mean time per level.
                   A        B        C        D        E       F      G
               +--------+--------+--------+--------+--------+-----+--------+
         Total |   4858 |   4752 |    106 |      0 |   3475 |   9 |  539.8 |
       Dungeon |   3481 |   3375 |    106 |      0 |   2651 |   6 |  580.2 |
         Abyss |    121 |    121 |      0 |      0 |     62 |   1 |  121.0 |
         Sewer |    891 |    891 |      0 |      0 |    620 |   1 |  891.0 |
       Ossuary |    365 |    365 |      0 |      0 |    142 |   1 |  365.0 |
               +--------+--------+--------+--------+--------+-----+--------+

Top non-repeatable levels by time:
   Sewer: 891 daAuts
     D:2: 779 daAuts
     D:3: 759 daAuts
     D:4: 747 daAuts
     D:1: 659 daAuts
     D:5: 485 daAuts
 Ossuary: 365 daAuts
 Abyss:1: 121 daAuts
     D:6: 50 daAuts
